 Dungeon Crawl Stone Soup version 0.31.0-11-ge490571c62 (webtiles) character file.

Game seed: 8659428666502035753

653 qw the Shooter (level 7, -4/35 HPs)
             Began as a Spriggan Hunter on Feb 5, 2024.
             Slain by Duvessa
             ... wielding a +0 short sword
              (11 damage)
             ... on level 4 of the Dungeon.
             The game lasted 00:00:15 (2777 turns).

qw the Shooter (Spriggan Hunter)                    Turns: 2777, Time: 00:00:15

Health: -4/35      AC:  3    Str:  6 (7)  XL:     7   Next: 29%
Magic:  8/8        EV: 21    Int:  9 (10) God:
Gold:   137        SH:  0    Dex: 19 (21) Spells: 6/6 levels left

rFire   . . .        a - +1 shortbow
rCold   . . .        (shield currently unavailable)
rNeg    . . .        c - +0 robe
rPois   .            (helmet restricted)
rElec   .            i - +0 cloak
rCorr   .            (gloves unavailable)
SInv    +            (boots unavailable)
Will    +....        (no amulet)
Stlth   ++           (no ring)
HPRegen 0.25/turn    (no ring)
MPRegen 0.11/turn

%: no passive effects
@: very quick
A: very small, no large weapons, unfitting armour, see invisible, speed 3
a: no special abilities


You were on level 4 of the Dungeon.
You visited 1 branch of the dungeon, and saw 4 of its levels.

You collected 137 gold pieces.


Innate Abilities, Weirdness & Mutations

You are very small and have problems with some larger weapons.
You are too small for most types of armour.
You have supernaturally acute eyesight. (SInv)
You cover ground extremely quickly. (Speed+++)


   Skills:
 - Level 2.0 Fighting
 - Level 7.4 Ranged Weapons
 + Level 6.6 Dodging
 - Level 1.5 Stealth


You had 6 spell levels left.
You didn't know any spells.
Your spell library was empty.

Inventory:

Hand Weapons
 a - a +1 shortbow (weapon)
Armour
 c - a +0 robe (worn)
 i - a +0 cloak (worn)
Wands
 g - a wand of charming (15)
Potions
 d - a potion of brilliance {unknown}
 e - a potion of haste {unknown}
 f - a potion of enlightenment
 h - 2 potions of mutation

Dungeon Overview and Level Annotations

Branches:
Dungeon (4/15)
 Temple: D:4-7

Altars:
Cheibriados
Fedhas

Annotations:
D:4 Duvessa


Message History

The arrow hits Duvessa but does no damage.
Duvessa is lightly wounded.
You shoot an arrow. The arrow closely misses Duvessa.
Duvessa misses you.
You shoot an arrow. The arrow hits Duvessa.
Duvessa is moderately wounded.
Duvessa completely misses you. Duvessa misses you.
You shoot an arrow. The arrow completely misses Duvessa.
Duvessa hits you with a +0 short sword.
You shoot an arrow. The arrow closely misses Duvessa.
Duvessa misses you. Duvessa barely misses you.
You shoot an arrow. The arrow barely misses Duvessa.
Duvessa completely misses you.
You shoot an arrow. The arrow hits Duvessa.
Duvessa is moderately wounded.
Duvessa misses you. x2
You shoot an arrow. The arrow barely misses Duvessa.
Duvessa hits you but does no damage. Duvessa barely misses you.
You shoot an arrow. The arrow hits Duvessa.
Duvessa is moderately wounded.
Duvessa closely misses you.
You shoot an arrow. The arrow hits Duvessa.
Duvessa is moderately wounded.
Duvessa hits you with a +0 short sword! Duvessa barely misses you.
You shoot an arrow. The arrow barely misses Duvessa.
Duvessa closely misses you.
You shoot an arrow. The arrow barely misses Duvessa.
Duvessa barely misses you.
Duvessa hits you with a +0 short sword!!
Ouch! That really hurt!
You shoot an arrow.
The arrow hits Duvessa but does no damage.
Duvessa is moderately wounded.
Duvessa barely misses you.
You shoot an arrow. The arrow hits Duvessa.
Duvessa is heavily wounded.
Duvessa barely misses you. Duvessa completely misses you.
You shoot an arrow. The arrow barely misses Duvessa.
Duvessa hits you with a +0 short sword!
You die...

#.............
#..........###
##..........#
###..#...######
#...##...# .
#.####...# .. #.#
#...# #.## ##.#
#...#
#...####@.####...#
###......e...##...#
.............##...#
##...........##...#
#...........######
#.............
...............#
##.............#
.............###


You could see Duvessa (berserk).

Vanquished Creatures
  Sigmund (D:2)
  A phantom (D:4)
  Dowan (D:4)
  A howler monkey (D:4)
  4 orc priests
  An orc wizard (D:3)
  Terence (D:2)
  7 adders
  4 dart slugs
  3 ribbon worms
  16 orcs
  4 ball pythons
  5 endoplasms
  2 giant cockroaches
  8 goblins
  3 hobgoblins
  A kobold (D:2)
  3 quokkas
  4 bats
  5 frilled lizards
  6 rats
81 creatures vanquished.

Notes
Turn   | Place    | Note
-------+----------+-------------------------------------------
     0 | D:1      | qw the Spriggan Hunter began the quest for the Orb.
     0 | D:1      | Reached XP level 1. HP: 10/10 MP: 2/2
     0 | D:1      | 0 ||| qw: Version: 0.3-a-160-g6735b56
     0 | D:1      | 0 ||| qw: Game counter: 6216
     0 | D:1      | 0 ||| qw: Melee chars always use a shield: true
     0 | D:1      | 0 ||| qw: God list: Okawaru
     0 | D:1      | 0 ||| qw: Allow faded altars: false
     0 | D:1      | 0 ||| qw: Do Orc after clearing Dungeon:15 true
     0 | D:1      | 0 ||| qw: Do second Lair branch before Depths: true
     0 | D:1      | 0 ||| qw: Lair rune preference: random
     0 | D:1      | 0 ||| qw: Goals: Normal
     0 | D:1      | 0 ||| PLANNING D:1-11
   127 | D:1      | Reached skill level 3 in Dodging
   418 | D:1      | Reached XP level 2. HP: 14/14 MP: 3/3
   669 | D:1      | Found a faded altar of an unknown god.
   866 | D:1      | 866 ||| UPGRADING to +0 cloak.
   871 | D:1      | 871 ||| READING scroll labelled QOOTWU MAEZAOK.
   872 | D:1      | 872 ||| READING scroll labelled XITZAXESOQO.
   877 | D:1      | 877 ||| READING 3 scrolls labelled KUHYFA FYBIMMU.
   877 | D:1      | 877 ||| IDENTIFYING metallic white potion
   878 | D:1      | 878 ||| READING 2 scrolls of identify.
   878 | D:1      | 878 ||| IDENTIFYING 2 dark potions
   879 | D:1      | 879 ||| READING scroll of identify.
   879 | D:1      | 879 ||| IDENTIFYING scroll labelled VOIRPH FIUWN
   880 | D:1      | 880 ||| READING scroll of enchant weapon.
   880 | D:1      | 880 ||| ENCHANTING +0 shortbow.
   881 | D:1      | 881 ||| DROPPING scroll of butterflies.
   966 | D:2      | Reached XP level 3. HP: 17/18 MP: 4/4
   987 | D:2      | Noticed Sigmund
   998 | D:2      | Killed Sigmund
   999 | D:2      | Reached skill level 6 in Ranged Weapons
   999 | D:2      | Reached XP level 4. HP: 22/22 MP: 5/5
   999 | D:2      | Reached XP level 5. HP: 25/25 MP: 6/6
  1034 | D:2      | Noticed Terence
  1040 | D:2      | 1040 ||| FLEEEEING.
  1041 | D:2      | 1041 ||| FLEEEEING.
  1042 | D:2      | 1042 ||| FLEEEEING.
  1043 | D:2      | 1043 ||| FLEEEEING.
  1044 | D:2      | 1044 ||| FLEEEEING.
  1045 | D:2      | 1045 ||| FLEEEEING.
  1059 | D:2      | Killed Terence
  1170 | D:2      | You fall into a shaft and drop 2 floors!
  1199 | D:4      | Reached XP level 6. HP: 30/30 MP: 7/7
  1280 | D:3      | Found a snail-covered altar of Cheibriados.
  1364 | D:3      | 1364 ||| READING scroll labelled TEFUVU SIPOOQE.
  1365 | D:3      | 1365 ||| READING scroll labelled GYCABO RUONTISIA.
  1468 | D:3      | 1468 ||| STAIRDANCE
  1712 | D:2      | Reached skill level 6 in Dodging
  2343 | D:3      | 2343 ||| READING scroll labelled TEAKATEGIYMP.
  2344 | D:3      | 2344 ||| DRINKING 2 fizzy blue potions.
  2345 | D:3      | 2345 ||| DROPPING potion of degeneration.
  2439 | D:4      | Reached skill level 7 in Ranged Weapons
  2442 | D:4      | 2442 ||| FLEEEEING.
  2443 | D:4      | 2443 ||| FLEEEEING.
  2444 | D:4      | 2444 ||| FLEEEEING.
  2447 | D:4      | 2447 ||| FLEEEEING.
  2448 | D:4      | 2448 ||| FLEEEEING.
  2450 | D:4      | 2450 ||| FLEEEEING.
  2451 | D:4      | 2451 ||| FLEEEEING.
  2452 | D:4      | 2452 ||| FLEEEEING.
  2455 | D:4      | 2455 ||| FLEEEEING.
  2456 | D:4      | 2456 ||| FLEEEEING.
  2457 | D:4      | 2457 ||| FLEEEEING.
  2458 | D:4      | 2458 ||| FLEEEEING.
  2459 | D:4      | 2459 ||| FLEEEEING.
  2460 | D:4      | 2460 ||| FLEEEEING.
  2461 | D:4      | 2461 ||| FLEEEEING.
  2462 | D:4      | 2462 ||| FLEEEEING.
  2463 | D:4      | 2463 ||| FLEEEEING.
  2467 | D:4      | 2467 ||| FLEEEEING.
  2468 | D:4      | 2468 ||| FLEEEEING.
  2469 | D:4      | 2469 ||| FLEEEEING.
  2470 | D:4      | 2470 ||| FLEEEEING.
  2471 | D:4      | 2471 ||| STAIRDANCE
  2503 | D:4      | Reached XP level 7. HP: 34/35 MP: 8/8
  2529 | D:4      | Found a blossoming altar of Fedhas.
  2558 | D:4      | Noticed Duvessa
  2558 | D:4      | Noticed Dowan
  2559 | D:4      | 2559 ||| RETREEEEATING.
  2560 | D:4      | 2560 ||| RETREEEEATING.
  2561 | D:4      | 2561 ||| RETREEEEATING.
  2562 | D:4      | 2562 ||| FLEEEEING.
  2563 | D:4      | 2563 ||| FLEEEEING.
  2564 | D:4      | 2564 ||| FLEEEEING.
  2565 | D:4      | 2565 ||| FLEEEEING.
  2566 | D:4      | 2566 ||| FLEEEEING.
  2569 | D:4      | 2569 ||| FLEEEEING.
  2570 | D:4      | 2570 ||| FLEEEEING.
  2571 | D:4      | 2571 ||| FLEEEEING.
  2573 | D:4      | 2573 ||| FLEEEEING.
  2574 | D:4      | 2574 ||| FLEEEEING.
  2575 | D:4      | 2575 ||| FLEEEEING.
  2576 | D:4      | 2576 ||| FLEEEEING.
  2577 | D:4      | 2577 ||| FLEEEEING.
  2578 | D:4      | 2578 ||| FLEEEEING.
  2579 | D:4      | 2579 ||| FLEEEEING.
  2580 | D:4      | 2580 ||| FLEEEEING.
  2581 | D:4      | 2581 ||| FLEEEEING.
  2582 | D:4      | 2582 ||| FLEEEEING.
  2583 | D:4      | 2583 ||| FLEEEEING.
  2585 | D:4      | 2585 ||| FLEEEEING.
  2586 | D:4      | 2586 ||| FLEEEEING.
  2610 | D:4      | HP: 5/35 [Dowan/+0 dagger (5)]
  2611 | D:4      | Killed Dowan
  2774 | D:4      | HP: 6/35 [Duvessa/+0 short sword (18)]
  2777 | D:4      | Slain by Duvessa

Levels and vault maps discovered:
D:1:      minmay_arrival_diagonal_passages, layout_loops_corners,
          hellmonk_ecumenical_altar_inner_sanctum, minmay_strange_pillars
D:2:      layout_basic, uniq_terence, uniq_sigmund
D:3:      layout_rooms, mainiacjoe_overflow_alcove_1
D:4:      layout_basic, mainiacjoe_overflow_tiny_flanked,
          nicolae_ru_awakened_eye, uniq_edmund, uniq_duvessa

Skill      XL: |  1  2  3  4  5  6 |
---------------+-------------------+-----
Dodging        | 3 4 5 6 |  6.6
Ranged Weapons | 6 7 |  7.4
Fighting       | 2 |  2.0
Stealth        | |  1.5

Action                     |  1- 3 |  4- 6 |  7- 9 || total
---------------------------+-------+-------+-------++-------
   Fire: Shortbow          |    68 |   192 |    46 ||   306
    Use: Scroll            |     6 |     3 |       ||     9
         Potion            |       |     1 |       ||     1
 Armour: Robe              |     4 |    23 |    13 ||    40
  Dodge: Dodged            |    22 |    52 |    21 ||    95

Table legend:
 A = Non-vault XP
 B = Vault XP
 C = Vault XP percentage of total XP
 D = Non-vault monster count
 E = Vault monster count
 F = Vault count percentage of total count
                 A         B        C        D         E       F
            +---------+---------+-------+---------+---------+-------
      Total |     593 |     341 |  36.5 |      78 |       3 |   3.7
            +---------+---------+-------+---------+---------+-------
        D:1 |      35 |       0 |   0.0 |      18 |       0 |   0.0
        D:2 |     161 |     275 |  63.1 |      23 |       2 |   8.0
        D:3 |     128 |       0 |   0.0 |      23 |       0 |   0.0
        D:4 |     269 |      66 |  19.7 |      14 |       1 |   6.7
            +---------+---------+-------+---------+---------+-------
